 Dungeon Crawl Stone Soup version 0.31-a0-108-gdf935468f2 (webtiles) character file.

Game seed: 7219255600351389124

46 Mahakala the Chopper (level 3, -1/51 HPs)
             Began as a Minotaur Berserker on May 28, 2023.
             Was a Follower of Trog.
             Slain by Sigmund
             ... wielding a +0 scythe
              (5 damage)
             ... on level 2 of the Dungeon.
             The game lasted 00:03:04 (895 turns).

Mahakala the Chopper (Minotaur Berserker)            Turns: 895, Time: 00:03:05

Health: -1/51      AC:  5    Str: 21    XL:     3   Next: 46%
Magic:  2/2        EV: 11    Int:  6    God:    Trog [*.....]
Gold:   71         SH:  0    Dex:  9    Spells: 2/2 levels left

rFire   . . .        a - +0 hand axe
rCold   . . .        (no shield)
rNeg    . . .        e - +0 ring mail
rPois   .            (helmet restricted)
rElec   .            (no cloak)
rCorr   .            (no gloves)
SInv    .            (no boots)
Will    ++...        (no amulet) Stlth
                     (no ring)
HPRegen 1.28/turn    (no ring)
MPRegen 0.08/turn

%: no passive effects
@: berserking, strong-willed (expiring), regenerating (expiring), very quick
A: horns 2, retaliatory headbutt
a: Renounce Religion, Berserk


You were on level 2 of the Dungeon.
You worshipped Trog.
Trog was aware of your devotion.
You visited 1 branch of the dungeon, and saw 2 of its levels.

You collected 71 gold pieces.

Inventory:

Hand Weapons
 a - a +0 hand axe (weapon)
Armour
 e - a +0 ring mail (worn)
Jewellery
 f - a +6 ring of intelligence
Scrolls
 c - a scroll of blinking {unknown}
 g - a scroll of teleportation {unknown}
 i - a scroll of acquirement {unknown}
Potions
 d - a potion of attraction
 h - a potion of curing {@q1}
 j - a potion of magic


   Skills:
 + Level 4.3 Fighting
 * Level 5.0 Axes
 - Level 2.4 Armour
 - Level 2.1 Dodging


You had 2 spell levels left.
You didn't know any spells.
Your spell library was empty.

Dungeon Overview and Level Annotations

Branches:
Dungeon (2/15)

Altars:

Annotations:
D:2 Sigmund


Innate Abilities, Weirdness & Mutations

You have a pair of horns on your head.
You reflexively headbutt those who attack you in melee.


Message History

You kill the kobold!
Trog accepts your kill.
You can now call upon Trog for regeneration and willpower.
Okay, then.
Found a club.
You fail to use your ability.
Your skin crawls.
You feel strong-willed.
You can no longer call upon Trog for regeneration and willpower.
Sigmund casts a spell at you. The magic dart hits you!
* * * LOW HITPOINT WARNING * * *
A red film seems to cover your vision as you go berserk!
You feel yourself moving faster!
You feel mighty!
Sigmund casts a spell.
Sigmund flickers and vanishes!
Deactivating autopickup; reactivate with Ctrl-A.
You feel a strong urge to attack something.
You hear some strange, mumbled words.
A puff of flame appears from out of thin air!
The puff of flame hits you!
* * * LOW HITPOINT WARNING * * *
You barely miss something.
Unknown command.
You barely miss something. Something hits you.
* * * LOW HITPOINT WARNING * * *
You hit something. Your headbutt misses something.
Unknown command.
You miss something.
You hear some strange, mumbled words.
A puff of flame appears from out of thin air!
The puff of flame hits you!
* * * LOW HITPOINT WARNING * * *
You completely miss something. Your headbutt misses something.
Unknown command.
You barely miss something.
You feel the effects of Trog's Hand fading.
Something hits you.
You die...

#) .# #. #.# #.# ..
.####.. ..##.# .....@.
#.# #.#.. ....... #.#
#.#.# (.....# #.#
#...#### ....... #.#
#.@{..##....... #.#
#.###.#†.....?. #.#
#.###.)!†......
###.#####...†.##.......
#...<.....##### .......
#.#.####..# ?##.###
##.#......## .. .#
#####..#..##### #. .#
#....>##...# .###.#


There were no monsters in sight!

Vanquished Creatures
  An adder (D:2)
  A dart slug (D:1)
  A bat (D:1)
  4 giant cockroaches
  3 goblins (D:1)
  5 hobgoblins
  5 kobolds
  3 quokkas
  4 ball pythons
  3 frilled lizards (D:1)
  2 rats (D:1)
32 creatures vanquished.

Notes
Turn   | Place    | Note
-------+----------+-------------------------------------------
     0 | D:1      | Mahakala the Minotaur Berserker began the quest for the
                  | Orb.
     0 | D:1      | Reached XP level 1. HP: 19/19 MP: 0/0
   152 | D:1      | Reached skill level 4 in Axes
   161 | D:1      | Reached XP level 2. HP: 26/27 MP: 1/1
   203 | D:1      | Found a faded altar of an unknown god.
   705 | D:2      | Noticed Sigmund
   751 | D:2      | Reached XP level 3. HP: 22/33 MP: 2/2
   876 | D:2      | Reached skill level 5 in Axes
   879 | D:2      | Reached ** piety under Trog
   893 | D:2      | HP: 2/51 [something/puff of flame (9)]
   895 | D:2      | Slain by Sigmund

Illustrated notes

Levels and vault maps discovered:
D:1:      dpeg_arrival_line_fractal, layout_basic,
          hellmonk_ecumenical_altar_lost_god
D:2:      layout_rooms, uniq_sigmund

Skill      XL: |  1  2  3 |
---------------+----------+-----
Axes           | 4 5 |  5.0
Fighting       | 4 |  4.3
Armour         | |  2.4
Dodging        | |  2.1

Action                     || total
---------------------------++-------
  Melee: Hand axe          ||    80
         Headbutt          ||     5
         Punch             ||     1
 Invoke: Berserk           ||     1
         Trog's Hand       ||     1
    Use: Scroll            ||     3
 Armour: Animal skin       ||     2
         Ring mail         ||    20
  Dodge: Dodged            ||    52

Table legend: (Time is in decaauts)
 A = Elapsed time spent in this place.
 B = Non-inter-level travel time spent in this place.
 C = Inter-level travel time spent in this place.
 D = Time resting spent in this place.
 E = Time spent auto-exploring this place.
 F = Levels seen in this place.
 G = Mean time per level.
                   A        B        C        D        E       F      G
               +--------+--------+--------+--------+--------+-----+--------+
         Total |    898 |    854 |     44 |     38 |    514 |   2 |  449.0 |
       Dungeon |    898 |    854 |     44 |     38 |    514 |   2 |  449.0 |
               +--------+--------+--------+--------+--------+-----+--------+

Top non-repeatable levels by time:
     D:1: 736 daAuts
     D:2: 162 daAuts
